 Dungeon Crawl Stone Soup version 0.28-b1-25-g9875b3fc8c (webtiles) character file.

Game seed: 7747677505582799678

39 pkoi the Chopper (level 3, -1/30 HPs)
             Began as a Minotaur Gladiator on Feb 1, 2022.
             Slain by a gnoll (10 damage)
             ... on level 2 of the Dungeon.
             The game lasted 00:01:13 (1825 turns).

pkoi the Chopper (Minotaur Gladiator)               Turns: 1825, Time: 00:01:13

Health: -1/30      AC:  3    Str: 20    XL:     3   Next: 28%
Magic:  2/2        EV: 12    Int:  5    God:
Gold:   34         SH:  0    Dex: 11    Spells: 2/2 levels left

rFire   . . .      SeeInvis .   a - +0 war axe
rCold   . . .      Faith    .   (no shield)
rNeg    . . .      Spirit   .   b - +0 leather armour
rPois   .          Reflect  .   c - +0 hat
rElec   .          Harm     .   (no cloak)
rCorr   .          Rampage  .   (no gloves)
Will    .....                   (no boots)
Stlth   +.........              f - amulet of the acrobat
HPRegen 0.10/turn               (no ring)
MPRegen 0.08/turn               (no ring)

@: no status effects
A: horns 2, retaliatory headbutt
a: no special abilities


You were on level 2 of the Dungeon.
You visited 1 branch of the dungeon, and saw 2 of its levels.

You collected 34 gold pieces.

Inventory:

Hand Weapons
 a - a +0 war axe (weapon)
Missiles
 d - 3 throwing nets (quivered)
Armour
 b - a +0 leather armour (worn)
 c - a +0 hat (worn)
 k - a +0 pair of gloves
Jewellery
 f - an amulet of the acrobat (around neck)
Scrolls
 h - a scroll of blinking {unknown}
 j - a scroll of silence {unknown}
Potions
 e - a potion of lignification
 g - a potion of flight
 i - a potion of heal wounds {unknown}


   Skills:
 - Level 2.4 Fighting
 + Level 5.3 Axes
 - Level 2.0 Throwing
 - Level 3.2 Dodging


You had 2 spell levels left.
You didn't know any spells.
Your spell library was empty.

Dungeon Overview and Level Annotations

Branches:
Dungeon (2/15)

Altars:
Xom


Innate Abilities, Weirdness & Mutations

You have a pair of horns on your head.
You reflexively headbutt those who attack you in melee.


Message History

There are monsters nearby!
There are monsters nearby!
There are monsters nearby!
There are monsters nearby!
A gnoll comes into view. It is wielding a +0 whip.
The gnoll hits you with a +0 halberd. The gnoll barely misses you.
You barely miss the gnoll. The gnoll closely misses you.
The gnoll hits you from afar with a +0 spear.
The gnoll hits you with a +0 halberd!
You closely miss the gnoll.
The gnoll hits you from afar with a +0 spear.
The gnoll hits you with a +0 halberd!
* * * LOW HITPOINT WARNING * * *
You are too injured to fight recklessly!
You are too injured to fight recklessly!
You are too injured to fight recklessly!
You are too injured to fight recklessly!
You are too injured to fight recklessly!
You are too injured to fight recklessly!
You are too injured to fight recklessly!
You are too injured to fight recklessly!
You are too injured to fight recklessly!
You are too injured to fight recklessly!
You are too injured to fight recklessly!
You are too injured to fight recklessly!
You are too injured to fight recklessly!
You are too injured to fight recklessly!
You are too injured to fight recklessly!
Unknown command.
The gnoll misses you.
A gnoll comes into view. It is wielding a +0 spear.
You see here a +0 club.
There is a stone staircase leading down here.
Items here: ( ) [ รท. 2 gnolls come into view.
The gnoll shouts! x2
The gnoll completely misses you.
There is a stone staircase leading up here.
The gnoll hits you from afar with a +0 halberd!
You die...

#####...............g..........
#.......#################.#####
#.......## #.g###.
#........#### #......
###.####....########## #......
#.#................# ##.._.. #
##..(###.#######g# ##.....
###.. #.>.## #.# ##)..... ##.
###@.####.###..##### #.#
##.ggg.g....## #.# #####....).#
.. ##...###.### #.
#####..#>.##...#
#.##.....###.####.## #..#.#####
... #..### #...# ###.##.).#
###..# ####..


You could see 4 gnolls.

Vanquished Creatures
  2 worms (D:2)
  4 endoplasms
  3 giant cockroaches (D:2)
  2 goblins
  5 hobgoblins
  2 quokkas (D:1)
  6 ball pythons
  A bat (D:2)
  3 frilled lizards
  2 kobolds
30 creatures vanquished.

Notes
Turn   | Place    | Note
-------+----------+-------------------------------------------
     0 | D:1      | pkoi the Minotaur Gladiator began the quest for the Orb.
     0 | D:1      | Reached XP level 1. HP: 18/18 MP: 0/0
   169 | D:1      | Reached skill level 4 in Axes
   568 | D:1      | Reached XP level 2. HP: 25/25 MP: 1/1
  1395 | D:2      | Found a shimmering altar of Xom.
  1447 | D:2      | Reached skill level 5 in Axes
  1464 | D:2      | Reached XP level 3. HP: 16/30 MP: 2/2
  1825 | D:2      | Slain by a gnoll

Illustrated notes

Levels and vault maps discovered:
D:1:      lightli_arrival_noodles, layout_loops_corners
D:2:      layout_rooms, basic_altar

Skill      XL: |  1  2 |
---------------+-------+-----
Axes           | 4 5 |  5.3
Fighting       | |  2.4
Throwing       | |  2.0
Dodging        | |  3.2

Action                   || total
-------------------------++-------
Melee: War axe           ||    50
       Headbutt          ||     7
       Punch             ||     1
  Use: Potion            ||     2
Armor: Leather armour    ||    10
Dodge: Dodged            ||    31
